 Dungeon Crawl Stone Soup version 0.21-a0-401-g0b6bec4 (webtiles) character file.

3503 lauthentik the Cleaver (level 10, -1/129 HPs)
             Began as a Hill Orc Fighter on Oct 25, 2017.
             Was a Believer of Beogh.
             Slain by a two-headed ogre
             ... wielding a +0 giant club
             ... summoned by an orc
              (16 damage)
             ... on level 8 of the Dungeon.
             The game lasted 00:22:04 (5308 turns).

lauthentik the Cleaver (Hill Orc Fighter)           Turns: 5308, Time: 00:22:05

Health: -1/129     AC: 25    Str: 24    XL:     10   Next: 7%
Magic:  10/10      EV:  2    Int:  8    God:    Beogh [**....]
Gold:   398        SH: 11    Dex: 12    Spells: 9/9 levels left

rFire    . . .     SeeInvis .   a - +0 war axe
rCold    . . .     Gourm    .   c - +0 shield
rNeg     + + +     Faith    .   (armour currently unavailable)
rPois    +         Spirit   .   (helmet currently unavailable)
rElec    .         Reflect  .   (cloak currently unavailable)
rCorr    +         Harm     .   (gloves currently unavailable)
MR       .....     NoTele   +   (boots currently unavailable)
Stlth    +.........             s - amulet of rage
HPRegen  0.31/turn              M - ring of resist corrosion
MPRegen  0.12/turn              t - +3 ring of strength

@: tree-form
A: no striking features
a: Smiting, Renounce Religion, Evoke Berserk Rage


You were on level 8 of the Dungeon.
You worshipped Beogh.
Beogh was pleased with you.
You were very hungry.
You were a tree.
You visited 1 branch of the dungeon, and saw 8 of its levels.

You collected 398 gold pieces.

Inventory:

Hand Weapons
 a - a +0 war axe (weapon)
 B - a +0 hand axe of electrocution
Missiles
 D - 7 tomahawks (quivered)
 R - 8 javelins
Armour
 c - a +0 shield (worn)
 n - a +0 cloak
 o - a +0 pair of boots (melded)
 z - a +3 plate armour of poison resistance (melded)
 A - a +0 pair of gloves (melded)
 C - a +0 chain mail
 H - a cursed +0 helmet (melded)
 S - a +0 cloak (melded)
Jewellery
 e - an uncursed ring of positive energy
 s - an amulet of rage (around neck)
 t - a +3 ring of strength (right branch)
 F - an uncursed ring of magical power
 M - a ring of resist corrosion (left branch)
Wands
 K - a wand of confusion (32/48)
 N - a wand of enslavement (11/24)
Scrolls
 b - 3 scrolls of magic mapping {unknown}
 i - 2 scrolls of noise {unknown}
 j - 9 scrolls of identify {unknown}
 k - 2 scrolls of blinking {unknown}
 m - a scroll of enchant armour {unknown}
 r - 2 scrolls of amnesia {unknown}
 v - a scroll of fear {unknown}
 y - 2 scrolls of remove curse {unknown}
 J - a scroll of enchant weapon {unknown}
 P - 3 scrolls of teleportation {unknown}
 Q - a scroll of recharging {unknown}
Potions
 d - 3 potions of might
 g - 2 potions of ambrosia {unknown}
 h - 2 potions of lignification
 l - 2 potions of invisibility {unknown}
 u - a potion of haste {unknown}
 w - a potion of curing
 E - a potion of degeneration {unknown}
 G - a potion of heal wounds {unknown}
 I - a potion of resistance {unknown}
 O - 2 potions of flight {unknown}
Books
 q - a book of Maledictions

   Spells                             Type                      Level
   a - Corona                         Hexes                        1
   b - Ensorcelled Hibernation        Hexes/Ice                    2
   c - Confuse                        Hexes                        3
   d - Tukima's Dance                 Hexes                        3
   e - Dazzling Spray                 Conjuration/Hexes            3
Comestibles
 f - 9 bread rations
 p - 10 royal jellies
 x - 6 meat rations
 L - 6 fruits


   Skills:
 + Level 7.5 Fighting
 + Level 11.6 Axes
 + Level 1.9 Throwing
 + Level 6.9 Armour
 + Level 1.8 Dodging
 + Level 0.4 Stealth
 + Level 7.7 Shields
 + Level 1.3 Evocations


You had 9 spell levels left.
You didn't know any spells.

Dungeon Overview and Level Annotations

Branches:
Dungeon (8/15)             Temple (0/1) D:4
   Lair: D:8-11

Altars:
Elyvilon
Hepliaklqana
Kikubaaqudgha
Qazlal
Trog
Vehumet
Zin

Shops:
D:4 :


Message History

You hit the killer bee but do no damage.
The killer bee stings you but does no damage. x2
You block the killer bee's attack.
The two-headed ogre hits you but does no damage. x2
The centaur zombie hits you but does no damage.
You block the killer bee's attack. The killer bee stings you.
* * * LOW HITPOINT WARNING * * *
The killer bee stings you.
* * * LOW HITPOINT WARNING * * *
You slash the killer bee!
You kill the killer bee!
The killer bee's corpse dissolves into shadows!
You miss the killer bee. You closely miss the two-headed ogre.
You barely miss the killer bee.
You hit the centaur zombie but do no damage.
You block the killer bee's attack. You block the centaur zombie's attack.
The killer bee stings you but does no damage.
You block the two-headed ogre's attack.
The two-headed ogre hits you with a giant club!
You die...

###########
..........#
......oZ♣y#
....(..yO##
.....(..o..
.........###
.........#
.........#
..........
#+........


You could see a two-headed ogre, 2 killer bees, 2 orcs and a centaur zombie.

Vanquished Creatures
  The ghost of teton the Digger, a novice GrEE of Vehumet (D:7)
  A yak (D:7)
  A human (D:7)
  3 hogs (D:7)
  Duvessa (D:6)
  2 sky beasts
  4 centaurs
  A phantom (D:6)
  3 ogres
  4 bullfrogs
  Dowan (D:6)
  A scorpion (D:6)
  5 crimson imps
  2 howler monkeys (D:8)
  2 bullfrog zombies (D:5)
  3 centaur skeletons (D:7)
  An orc wizard (D:3)
  An orc priest (D:8)
  2 hounds (D:6)
  A gnoll shaman (D:6)
  Natasha (thrice) (D:3)
  2 iguanas
  3 worker ants (D:5)
  A hound zombie (D:7)
  3 hound skeletons
  Robin (D:3)
  8 gnolls
  6 adders
  A shadow imp (D:6)
  2 oozes
  An adder skeleton (D:6)
  2 worms
  4 dart slugs
  3 leopard geckos
  10 orcs
  2 ball pythons
  3 giant cockroaches
  10 goblins
  5 hobgoblins
  22 jackals
  2 quokkas
  9 bats
  4 frilled lizards
  A kobold (D:1)
  A leopard gecko zombie (D:5)
  10 rats
159 creatures vanquished.

Vanquished Creatures (others)
  Eustachio (D:5)
  An orc (D:5)
2 creatures vanquished.

Grand Total: 161 creatures vanquished

Notes
Turn   | Place    | Note
-------+----------+-------------------------------------------
     0 | D:1      | lauthentik the Hill Orc Fighter began the quest for the Orb.
     0 | D:1      | Reached XP level 1. HP: 19/19 MP: 1/1
   106 | D:1      | Reached XP level 2. HP: 13/27 MP: 2/2
   363 | D:1      | Reached skill level 3 in Axes
   444 | D:1      | Reached XP level 3. HP: 28/33 MP: 3/3
  1062 | D:2      | Reached XP level 4. HP: 40/40 MP: 4/4
  1230 | D:2      | Reached skill level 1 in Dodging
  1428 | D:3      | Noticed Robin
  1439 | D:3      | Killed Robin
  1439 | D:3      | Reached skill level 4 in Axes
  1440 | D:3      | Reached XP level 5. HP: 47/47 MP: 5/5
  1470 | D:3      | Noticed Natasha
  1477 | D:3      | Killed Natasha
  1702 | D:3      | Noticed Natasha
  1708 | D:3      | Killed Natasha
  1708 | D:3      | Reached skill level 5 in Axes
  1710 | D:3      | Reached XP level 6. HP: 53/53 MP: 6/6
  1958 | D:3      | Noticed Natasha
  1974 | D:3      | Killed Natasha
  2198 | D:4      | Reached skill level 6 in Axes
  2303 | D:4      | Found a staircase to the Ecumenical Temple.
  2357 | D:4      | Reached skill level 5 in Fighting
  2393 | D:4      | Found a stormy altar of Qazlal.
  2614 | D:4      | Found Pefruom's Book Boutique.
  2814 | D:5      | Entered Level 5 of the Dungeon
  2822 | D:5      | Reached XP level 7. HP: 61/61 MP: 7/7
  2824 | D:5      | Became a worshipper of Beogh the Brigand
  2865 | D:5      | Noticed Eustachio
  2877 | D:5      | Reached skill level 5 in Shields
  2913 | D:5      | Killed Eustachio
  2925 | D:5      | Found an ancient bone altar of Kikubaaqudgha.
  2925 | D:5      | Found a glowing silver altar of Zin.
  2926 | D:5      | Found a radiant altar of Vehumet.
  3169 | D:5      | Reached skill level 5 in Armour
  3291 | D:6      | Found the +3 robe of Clouds {+Fly rElec}
  3302 | D:6      | Reached skill level 7 in Axes
  3316 | D:6      | Reached XP level 8. HP: 68/68 MP: 8/8
  3397 | D:6      | Found a white marble altar of Elyvilon.
  3546 | D:6      | Reached skill level 8 in Axes
  3579 | D:6      | Reached * piety under Beogh
  3626 | D:6      | Found a hazy altar of Hepliaklqana.
  3677 | D:6      | Reached skill level 1 in Throwing
  3696 | D:6      | Noticed Duvessa
  3697 | D:6      | Noticed Dowan
  3705 | D:6      | Killed Duvessa
  3705 | D:6      | Killed Dowan
  3709 | D:6      | Reached skill level 9 in Axes
  4025 | D:7      | Reached skill level 1 in Evocations
  4025 | D:7      | Reached XP level 9. HP: 71/78 MP: 9/9
  4126 | D:7      | Reached skill level 10 in Axes
  4316 | D:7      | Found a bloodstained altar of Trog.
  4477 | D:7      | Reached ** piety under Beogh
  4637 | D:7      | Noticed teton's ghost (novice GrEE)
  4645 | D:7      | Killed teton's ghost
  4645 | D:7      | Reached skill level 11 in Axes
  5287 | D:8      | Reached XP level 10. HP: 86/86 MP: 10/10
  5294 | D:8      | Noticed a two-headed ogre
  5308 | D:8      | Slain by a two-headed ogre

Vault maps used:
D:1:      minmay_arrival_widening_spiral_wide, minmay_bisected
D:2:      first_bread
D:3:      kennysheep_decorative_pillar, kennysheep_generic_room_10, uniq_robin,
          uniq_natasha
D:4:      old_standard_altar, minmay_temple_entry_glassed_door, serial_shops,
          nicolae_shop_window_shopping
D:5:      minitemple, uniq_eustachio
D:6:      kennysheep_little_box, elyvilon_altar_1, uniq_duvessa
D:7:      lemuel_doored_altar, grunt_livestock, minivault_25,
          grunt_ministairs_4, hangedman_abyss_or_decor_jellyfish_corner
D:8:      overflow_temple_1_default

Skill      XL: |  1  2  3  4  5  6  7  8  9 |
---------------+----------------------------+-----
Fighting       | 4 5 6 7 |  7.5
Axes           | 3 4 5 6 7 9 11 | 11.6
Dodging        | 1 |  1.8
Shields        | 4 5 6 7 |  7.7
Armour         | 4 5 6 |  6.9
Throwing       | 1 |  1.9
Evocations     | 1 |  1.3
Stealth        | |  0.4

Action                   |  1- 3 |  4- 6 |  7- 9 | 10-12 || total
-------------------------+-------+-------+-------+-------++-------
Melee: War axe           |   143 |   149 |   302 |    15 ||   609
Throw: Tomahawk          |       |       |    14 |     1 ||    15
Invok: Convert to Beogh  |       |       |     1 |       ||     1
 Abil: Evoke Berserk Rag |       |     3 |     2 |       ||     5
  Use: Potion            |       |       |     2 |     2 ||     4
  Eat: Chunk             |     1 |     8 |     9 |       ||    18
       Fruit             |       |       |       |     1 ||     1
Armor: Scale mail        |   105 |    48 |       |       ||   153
       Chain mail        |       |    29 |       |       ||    29
       Plate armour      |       |     4 |   285 |    36 ||   325
       Skin              |       |       |       |    10 ||    10
Dodge: Dodged            |    61 |    42 |    92 |    14 ||   209
Block: Shield            |   111 |    76 |   234 |    32 ||   453

Table legend:
 A = Spawn XP
 B = Non-spawn XP
 C = Spawn XP percentage of total XP
 D = Spawn monster count
 E = Non-spawn monster count
 F = Spawn count percentage of total count
 G = Total turns spent on level
                    A         B        C        D         E        F      G
               +---------+---------+-------+---------+---------+-------+---------
         Total |       0 |    5005 |   0.0 |       0 |     160 |   0.0 |  5308
               +---------+---------+-------+---------+---------+-------+---------
           D:1 |       0 |      37 |   0.0 |       0 |      20 |   0.0 |   575
           D:2 |       0 |     103 |   0.0 |       0 |      29 |   0.0 |   845
           D:3 |       0 |     272 |   0.0 |       0 |      29 |   0.0 |   672
           D:4 |       0 |     187 |   0.0 |       0 |      13 |   0.0 |   722
           D:5 |       0 |     516 |   0.0 |       0 |      10 |   0.0 |   477
           D:6 |       0 |    1182 |   0.0 |       0 |      30 |   0.0 |   725
           D:7 |       0 |    2340 |   0.0 |       0 |      23 |   0.0 |  1266
           D:8 |       0 |     368 |   0.0 |       0 |       6 |   0.0 |    26
               +---------+---------+-------+---------+---------+-------+---------
